 Dungeon Crawl Stone Soup version 0.31.0-11-ge490571c62 (webtiles) character file.

Game seed: 10054140886898172234

707479 becking the Axe Maniac (level 27, -5/245 HPs)
             Began as a Minotaur Fighter on Feb 4, 2024.
             Was an Initiate of Gozag.
             Killed from afar by a hellion (26 damage)
             ... with damnation
             ... on level 2 of Tartarus on Feb 6, 2024.
             The game lasted 04:50:13 (93715 turns).

becking the Axe Maniac (Minotaur Fighter)          Turns: 93715, Time: 04:50:18

Health: -5/245     AC: 45    Str: 43      XL:     27
Magic:  29/31      EV: 17    Int:  4 (5)  God:    Gozag
Gold:   1854       SH: 41    Dex: 17      Spells: 26/26 levels left

rFire   + . .        I - +9 war axe of Cugus {holy, +Blink rC++ Str-4 Stlth+}
rCold   + + +        j - +18 shield of the Gong {Loud rN+ Will+ rCorr EV-5}
rNeg    + + +        b - +6 shadow dragon scales of Beyond {Str+8 Stlth++++}
rPois   +            a - +1 hat of Farfalle {rN++ rCorr Dex+3 Stlth-}
rElec   .            f - +2 cloak {Will+}
rCorr   +            S - +2 pair of gloves {infuse}
SInv    +            o - +3 pair of mountain boots {steadfast, rC+}
Will    ++...        p - amulet of Xom's Capriciousness {Reflect rC+ Will+ Regen+ SH+5 Stlth+}
Stlth   +++++        w - ring "Dariv" {rPois rF+ Dex+2 Stlth+}
HPRegen 2.20/turn    x - ring "Jicvejyhui" {MP+9 Str+6 Slay+4 SInv}
MPRegen 0.22/turn

%: random rage (9%), reflection, infuse magic (1 MP)
@: studying 3 skills, weak-willed
A: horns 2, retaliatory headbutt, hooves 1, berserk 2, frail 1, regeneration 1,
wild magic 1, inability to read after injury 1, [screaming 1]
}: 5/15 runes: barnacled, slimy, silver, abyssal, gossamer
a: Renounce Religion, Evoke Blink, Potion Petition, Call Merchant, Bribe Branch


You were on level 2 of Tartarus.
You worshipped Gozag.
Gozag was most pleased with you.
You visited 14 branches of the dungeon, and saw 59 of its levels.
You visited the Abyss 1 time.
You visited 1 bazaar.
You also visited: Trove and Volcano.

You collected 31506 gold pieces.
You spent 11788 gold pieces at shops.
You paid 17864 gold pieces to Gozag.

Inventory:

Hand Weapons
 m - a +7 vampiric broad axe
 v - the +11 flail "Imp's Regret" {vamp, *Noise Str+7 SInv}
   (You found it on level 3 of the Realm of Zot)

   Str+7:     It affects your strength (+7).
   SInv:      It lets you see invisible.
   *Noise:    It may make a loud noise when swung.
 I - the +9 war axe of Cugus (weapon) {holy, +Blink rC++ Str-4 Stlth+}
   (You took it off a yaktaur on level 5 of the Vaults)

   Str-4:     It affects your strength (-4).
   rC++:      It greatly protects you from cold.
   +Blink:    It lets you blink.
   Stlth+:    It makes you more stealthy.
Missiles
 Q - 5 throwing nets
Armour
 a - the +1 hat of Farfalle (worn) {rN++ rCorr Dex+3 Stlth-}
   (You found it in a treasure trove)

   Dex+3:     It affects your dexterity (+3).
   rN++:      It greatly protects you from negative energy.
   rCorr:     It protects you from acid and corrosion.
   Stlth-:    It makes you less stealthy.
 b - the +6 shadow dragon scales of Beyond (worn) {Str+8 Stlth++++}
   (You acquired it on level 1 of the Realm of Zot)

   Str+8:     It affects your strength (+8).
   Stlth++++: It makes you much more stealthy.
 f - a +2 cloak of willpower (worn)
 j - the +18 shield of the Gong (worn) {Loud rN+ Will+ rCorr EV-5}
   (You found it on level 3 of the Elven Halls)

   Loud:      It is deafeningly noisy when blocking attacks.
   EV-5:      It affects your evasion (-5).
   rN+:       It protects you from negative energy.
   Will+:     It increases your willpower.
   rCorr:     It protects you from acid and corrosion.
 o - the +3 pair of mountain boots (worn) {steadfast, rC+}
   (You found it in a treasure trove)

   Steadfast: It prevents involuntary movement, except for blinking,
   teleportation, or banishment.
   rC+:       It protects you from cold.
 S - a +2 pair of gloves of infusion (worn)
Jewellery
 p - the amulet of Xom's Capriciousness (around neck) {Reflect rC+ Will+ Regen+ SH+5 Stlth+}
   (You found it on level 5 of the Lair of Beasts)

   [amulet of reflection]

   Reflect:   It reflects blocked missile attacks.
   rC+:       It protects you from cold.
   Will+:     It increases your willpower.
   Regen+:    It increases your rate of health regeneration.
   SH+5:      It affects your SH (+5).
   Stlth+:    It makes you more stealthy.
 w - the ring "Dariv" (left hand) {rPois rF+ Dex+2 Stlth+}
   (You found it on level 5 of the Lair of Beasts)

   [ring of protection from fire]

   Dex+2:     It affects your dexterity (+2).
   rF+:       It protects you from fire.
   rPois:     It protects you from poison Stlth+: It makes you more stealthy.
 x - the ring "Jicvejyhui" (right hand) {MP+9 Str+6 Slay+4 SInv}
   (You found it on level 4 of the Realm of Zot)

   [ring of magical power]

   Str+6:     It affects your strength (+6).
   Slay+4:    It affects your accuracy & damage with ranged weapons and melee
   (+4).
   MP+9:      It affects your magic capacity (+9).
   SInv:      It lets you see invisible.
 U - the ring of Coaptaoh {rElec rPois AC+4 SInv Stlth+}
   (You bought it in a shop on level 15 of the Dungeon)

   [ring of protection]

   AC+4:      It affects your AC (+4).
   rElec:     It insulates you from electricity.
   rPois:     It protects you from poison SInv: It lets you see invisible.
   Stlth+:    It makes you more stealthy.
 V - the ring "Bos Jafo" {rElec rPois Str+6 Stlth-}
   (You took it off a deep elf archer on level 3 of the Elven Halls)

   [ring of strength]

   Str+6:     It affects your strength (+6).
   rElec:     It insulates you from electricity.
   rPois:     It protects you from poison Stlth-: It makes you less stealthy.
Wands
 z - a wand of digging (14)
 B - a wand of light (34)
 H - a wand of flame (11)
 R - a wand of mindburst (28)
 T - a wand of iceblast (47)
Scrolls
 d - 4 scrolls of fear
 h - 9 scrolls of fog
 i - 4 scrolls of immolation
 n - 15 scrolls of teleportation
 s - 4 scrolls of noise
 G - 5 scrolls of poison
 L - 2 scrolls of vulnerability
 O - 8 scrolls of blinking
 P - a scroll of revelation
 Y - 6 scrolls of summoning
Potions
 g - 23 potions of curing
 k - 2 potions of resistance
 l - 9 potions of brilliance
 r - 7 potions of attraction
 C - a potion of invisibility
 D - 4 potions of enlightenment
 J - a potion of lignification
 K - 4 potions of might
 M - 4 potions of haste
 N - 10 potions of heal wounds
 W - 3 potions of cancellation
 X - 2 potions of berserk rage
 Z - 5 potions of magic
Miscellaneous
 e - a lightning rod (4/4)
 t - the horn of Geryon
 u - a phantom mirror
 A - a box of beasts
 E - a tin of tremorstones (2/2)
 F - a phial of floods


   Skills:
 O Level 27 Fighting
 O Level 27 Axes
 - Level 15.7(23.1) Maces & Flails
 + Level 0.7 Throwing
 O Level 27 Armour
 * Level 21.2 Dodging
 O Level 27 Shields
 * Level 14.5 Evocations


You had 26 spell levels left.
You didn't know any spells.
Your spell library contained the following spells:

 Spells                   Type           Power      Damage    Failure   Level
 Apportation              Tloc           0%         N/A       75%         1
 Foxfire                  Conj/Fire      0%         2x1d4     75%         1
 Freeze                   Ice            0%         1d3       75%         1
 Magic Dart               Conj           0%         1d3       75%         1
 Necrotise                Necr           0%         1d4       75%         1
 Sandblast                Erth           0%         2d4       75%         1
 Sting                    Conj/Alch      0%         1d3       75%         1
 Ensorcelled Hibernation  Hex/Ice        0%         N/A       86%         2
 Jinxbite                 Hex            0%         N/A       86%         2
 Lesser Beckoning         Tloc           0%         N/A       86%         2
 Mercury Vapours          Alch/Air       0%         N/A       86%         2
 Momentum Strike          Conj/Tloc      0%         3d8       86%         2
 Searing Ray              Conj           0%         2d4       86%         2
 Static Discharge         Conj/Air       0%         3-3/arc   86%         2
 Dazzling Flash           Conj/Hex       0%         N/A       97%         3
 Frozen Ramparts          Ice            0%         1d1       97%         3
 Fugue of the Fallen      Necr           0%         N/A       97%         3
 Gell's Gravitas          Tloc           0%         N/A       97%         3
 Hailstorm                Conj/Ice       0%         3d5       97%         3
 Inner Flame              Hex/Fire       0%         N/A       97%         3
 Mephitic Cloud           Conj/Alch/Air  0%         N/A       97%         3
 Ozocubu's Armour         Ice            0%         N/A       97%         3
 Passwall                 Erth           0%         N/A       97%         3
 Sigil of Binding         Hex            0%         N/A       97%         3
 Stone Arrow              Conj/Erth      0%         3d7       97%         3
 Summon Ice Beast         Ice/Summ       0%         N/A       97%         3
 Swiftness                Air            0%         N/A       97%         3
 Teleport Other           Tloc           0%         N/A       97%         3
 Tukima's Dance           Hex            0%         N/A       97%         3
 Vampiric Draining        Necr           0%         2d6       97%         3
 Volatile Blastmotes      Fire/Tloc      0%         2d10      97%         3
 Airstrike                Air            0%         2d(0-16)  100%        4
 Anguish                  Hex/Necr       0%         N/A       100%        4
 Animate Armour           Summ/Erth      0%         N/A       100%        4
 Brom's Barrelling Bould  Conj/Erth      0%         2d3       100%        4
 Dimensional Bullseye     Hex/Tloc       0%         N/A       100%        4
 Fulminant Prism          Conj/Alch      0%         3d5       100%        4
 Iskenderun's Mystic Bla  Conj/Tloc      0%         2d3       100%        4
 Manifold Assault         Tloc           0%         N/A       100%        4
 Martyr's Knell           Necr/Summ      0%         N/A       100%        4
 Olgreb's Toxic Radiance  Alch           0%         N/A       100%        4
 Passage of Golubria      Tloc           0%         N/A       100%        4
 Petrify                  Alch/Erth      0%         N/A       100%        4
 Summon Lightning Spire   Summ/Air       0%         N/A       100%        4
 Vhi's Electric Charge    Tloc/Air       0%         N/A       100%        4
 Alistair's Intoxication  Alch           0%         N/A       100%        5
 Arcjolt                  Conj/Air       0%         1d10      100%        5
 Borgnjor's Vile Clutch   Necr/Erth      0%         N/A       100%        5
 Curse of Agony           Necr           0%         N/A       100%        5
 Fireball                 Conj/Fire      0%         3d3       100%        5
 Irradiate                Conj/Alch      0%         3d11      100%        5
 Iskenderun's Battlesphe  Conj           0%         2d6       100%        5
 Lee's Rapid Deconstruct  Erth           0%         3d4*      100%        5
 Silence                  Hex/Air        0%         N/A       100%        5
 Summon Forest            Summ/Tloc      0%         N/A       100%        5
 Summon Mana Viper        Hex/Summ       0%         N/A       100%        5
 Yara's Violent Unravell  Hex/Alch       0%         3d3       100%        5
 Bombard                  Conj/Erth      0%         9d1       100%        6
 Conjure Ball Lightning   Conj/Air       0%         3x3d6     100%        6
 Death Channel            Necr           0%         N/A       100%        6
 Eringya's Noxious Bog    Alch           0%         4d6       100%        6
 Plasma Beam              Fire/Air       0%         2x1d10    100%        6
 Sculpt Simulacrum        Ice/Alch       0%         N/A       100%        6
 Starburst                Conj/Fire      0%         6d3       100%        6
 Summon Cactus Giant      Summ           0%         N/A       100%        6
 Enfeeble                 Hex            0%         N/A       100%        7
 Malign Gateway           Summ/Tloc      0%         N/A       100%        7
 Monstrous Menagerie      Summ           0%         N/A       100%        7
 Orb of Destruction       Conj           0%         9d5       100%        7
 Ozocubu's Refrigeration  Ice            0%         4d7       100%        7
 Spellforged Servitor     Conj/Summ      0%         N/A       100%        7
 Summon Hydra             Summ           0%         N/A       100%        7
 Borgnjor's Revivificati  Necr           0%         N/A       100%        8
 Discord                  Hex            0%         N/A       100%        8
 Disjunction              Tloc           0%         N/A       100%        8
 Ignition                 Fire           0%         3d3       100%        8
 Lehudib's Crystal Spear  Conj/Erth      0%         10d2      100%        8
 Maxwell's Capacitive Co  Air            0%         ∞         100%        8
 Chain Lightning          Conj/Air       0%         N/A       100%        9
 Polar Vortex             Ice            0%         N/A       100%        9
 Animate Dead             Necr           Unusable   N/A       N/A         4

Dungeon Overview and Level Annotations

Branches:
Dungeon (15/15)            Temple (1/1) D:5            Lair (5/5) D:9
 Shoals (4/4) Lair:3       Spider (4/4) Lair:2        Slime (5/5) Lair:5
    Orc (2/2) D:9             Elf (3/3) Orc:2        Vaults (5/5) D:13
  Crypt (3/3) Vaults:3       Tomb (0/3) Crypt:3      Depths (4/4) D:15
   Hell (visited)             Dis (0/7) Hell            Geh (0/7) Hell
    Coc (0/7) Hell            Tar (2/7) Hell            Zot (5/5) Depths:4
Volcano (visited)

Altars:
Ashenzari
Cheibriados
Dithmenos
Elyvilon
Fedhas
Gozag
Hepliaklqana
Kikubaaqudgha
Makhleb
Nemelex Xobeh
Okawaru
Qazlal
Ru
Sif Muna
Trog
Uskayaw
Vehumet
Wu Jian
Xom
Yredelemnul
Zin
The Shining One

Shops:
D:1 [   D:2 ?=!   D:15 [?=[[[!***   Orc:2 [*(   Elf:1 ?   Elf:3 *::=
Shoals:1 (   Vaults:1 :   Vaults:4 ?   Vaults:5 ?   Depths:1 (:(   Depths:2 :

Portals:
Hell: Depths:1 Depths:2 Depths:3 Depths:4
Abyss: Depths:3
Pandemonium: Depths:1 Depths:2
Ziggurat: Depths:2


Innate Abilities, Weirdness & Mutations

You have a pair of horns on your head.
You reflexively headbutt those who attack you in melee.
You have large cloven feet.
You have an uncontrollable temper.
You are frail. (-10% HP)
Your natural rate of healing is unusually fast.
Your spells are a little harder to cast, but a little more powerful.
You occasionally lose the ability to read scrolls when taking damage.
[You occasionally shout uncontrollably at your foes.]


Message History

Here: a Tzitzimitl The floor.
The tormentor calls on the powers of darkness!
Your body is wracked with pain!
The ancient lich mumbles some strange words.
The ancient lich seems to speed up.
The dread lich casts a spell.
The dread lich seems to speed up.
Unknown command.
You hit the Tzitzimitl but do no damage.
You headbutt the Tzitzimitl!
The Tzitzimitl is lightly wounded.
The dread lich casts a spell.
The dread lich flickers and vanishes for a moment.
Unknown command.
You slash the Tzitzimitl!
The Tzitzimitl convulses!!
You headbutt the Tzitzimitl, but do no damage.
The Tzitzimitl is moderately wounded.
A spectral centaur warrior comes into view.
The Tzitzimitl calls on the powers of darkness!
Your body is wracked with pain!
The Tzitzimitl calls on the powers of darkness!
Your body is wracked with pain!
* * * LOW HITPOINT WARNING * * *
The tormentor calls on the powers of darkness!
Your body is wracked with pain!
* * * LOW HITPOINT WARNING * * *
Blink to where?
Press: ? - help, Dir - move target A spectral golden dragon comes into view.
As you read the scroll of blinking, it crumbles to dust.
The hellion gestures at you.
The sphere of damnation explodes!
The damnation engulfs you!!
* * * LOW HITPOINT WARNING * * *
The ancient lich gestures at you while chanting.
You resist with significant effort. The hellion gestures at you.
The sphere of damnation explodes!
The damnation engulfs you!!
You die...
Your body crumbles into a pile of gold.

#.....# ##.L.##
#### #.1A..## #
...#
#....#.L..###......
.......###2L....
...# ....2L.
#..........#
.#....# #....#...##
#.... #.....Z...#
#..... #...@....#
##.... ##......#...
#............
........#......
#.....##......#
#...## .##..## ##..
# .## ## #


You could see a profane servitor, 3 ancient liches, a Tzitzimitl, a spectral
golden dragon (wandering) and a hellion.

Vanquished Creatures
  the Royal Jelly (Slime:5)
  A dread lich (Vaults:5)
  4 ancient liches
  An orb of fire (Zot:1)
  4 juggernauts (Depths:3)
  Josephina (Depths:4)
  Sojobo (Vaults:5)
  A Killer Klown (Zot:1)
  2 curse toes
  Geryon (Hell)
  Nikola (Vaults:1)
  2 profane servitors
  Arachne (Spider:3)
  A bone dragon (Abyss:1)
  12 golden dragons
  2 doom hounds (Tar:1)
  3 electric golems
  22 tentacled monstrosities
  Zenata (Vaults:3)
  6 liches
  3 Orb Guardians (Zot:5)
  A walking divine tome (Depths:4)
  5 walking earthen tomes
  Asterion (Spider:3)
  8 titans
  A deep elf master archer (Elf:3)
  A tainted leviathan (Hell)
  5 quicksilver dragons
  21 acid blobs
  2 deep elf blademasters (Elf:3)
  13 tentacled starspawn
  A kraken (Shoals:4)
  7 ancient champions
  Gastronok (Lair:2)
  Polyphemus (Shoals:3)
  7 sphinxes
  10 tengu reavers
  9 death cobs
  15 storm dragons
  10 draconian monks
  2 protean progenitors (Zot:2)
  14 shadow dragons
  Aizul (Vaults:1)
  3 revenants
  12 rockslimes
  6 deep elf sorcerers
  14 azure jellies
  11 fire giants
  12 draconian knights
  12 frost giants
  14 draconian shifters
  8 emperor scorpions
  3 balrugs
  2 iron dragons
  17 vault wardens
  12 draconian stormcallers
  9 draconian scorchers
  8 draconian annihilators
  4 reapers
  4 curse skulls
  5 deep elf elementalists (Elf:3)
  7 ghost moths
  Louise (D:15)
  3 orc warlords
  6 cacodemons
  13 ironbound preservers
  5 ghouls
  2 spriggan defenders (Depths:2)
  4 broodmothers
  15 very ugly things
  9 stone giants
  6 formless jellyfish
  The ghost of peterlawrence the Bludgeoner, a journeyman MiFi of Okawaru (Lair:5)
  4 vampire knights
  7 ironbound thunderhulks
  12 quicksilver oozes
  Nessos (D:15)
  11 deep elf death magi
  6 putrid mouths
  13 deep elf annihilators
  A spectral titan (Tar:1)
  12 black draconians
  9 deep elf demonologists
  10 yellow draconians
  12 green draconians
  10 purple draconians
  9 red draconians
  A lorocyproca (Hell)
  A wendigo (Hell)
  5 war gargoyles
  5 dire elephants
  A bunyip (Abyss:3)
  2 spark wasps
  8 eidola
  15 white draconians
  A blizzard demon (Hell)
  2 crystal guardians (Abyss:4)
  A spectral spriggan (Tar:1)
  8 merfolk impalers
  A spectral iron giant (Tar:1)
  2 green deaths
  9 ettins
  2 merfolk javelineers
  4 entropy weavers
  14 jiangshi
  9 yaktaur captains
  9 fire dragons
  A mummy priest (Crypt:3)
  The ghost of Pooter the Cleaver, a journeyman MiBe of Trog (Orc:2)
  2 spriggan zombies
  6 great orbs of eyes
  31 vault guards
  9 deep elf high priests
  2 spriggan air magi
  2 rakshasas
  A caustic shrike simulacrum (Abyss:4)
  6 ice dragons
  Erolcha (D:11)
  Harold (D:9)
  A great orb of eyes (shapeshifter) (Abyss:4)
  2 juggernaut simulacra
  2 radroaches (Spider:1)
  3 hell beasts
  4 catoblepae
  15 centaur warriors
  3 spriggan skeletons
  3 jorogumos
  3 merfolk aquamancers
  6 boulder beetles
  4 hydras
  An ogre mage (D:11)
  A death knight (Crypt:1)
  27 dancing weapons
  4 merfolk avatars
  2 anacondas (Zot:2)
  2 sphinx skeletons
  A boulder beetle (shapeshifter) (Abyss:4)
  3 two-headed ogres
  2 satyrs (Shoals:3)
  A spectral stone giant (Crypt:2)
  15 ironbound frosthearts
  2 death scarabs
  2 deep troll earth magi
  9 vampire magi
  A bennu skeleton (Crypt:1)
  5 death yaks
  Urug (Lair:5)
  9 thrashing horrors
  A tengu warrior (D:14)
  An Orb Guardian skeleton (Crypt:2)
  2 hell hogs
  9 demonic crawlers
  9 deep troll shamans
  2 spectral dire elephants
  2 spriggan berserkers
  An orc high priest (Orc:2)
  A spectral naga (Tar:1)
  8 soul eaters
  12 sun demons
  4 occultists
  2 storm dragon zombies
  14 wretched stars
  5 skysharks
  A spectral death yak (Lair:5)
  15 hell knights
  3 shadow wraiths
  17 deep elf knights
  8 iron trolls
  A salamander mystic (Volcano)
  22 skeletal warriors
  3 pharaoh ants
  3 anaconda zombies
  4 sixfirhies
  7 flayed ghosts
  10 orb spiders
  37 deep trolls
  A deep troll (shapeshifter) (Vaults:4)
  A spectral anaconda (Crypt:2)
  A sun moth (Spider:1)
  16 sea snakes
  A mana viper (Abyss:3)
  6 glowing orange brains
  A spriggan simulacrum (Crypt:2)
  A swamp dragon (shapeshifter) (Depths:3)
  16 deep elf archers
  15 ironbound convokers
  6 lindwurms
  9 orc knights
  8 arcanists
  An anaconda skeleton (Crypt:2)
  2 glowing orange brains (shapeshifter) (Vaults:5)
  Pikel (D:4)
  5 spectral wolf spiders (Spider:1)
  2 fenstrider witch simulacra
  A spectral iron dragon (Crypt:2)
  11 phantasmal warriors
  8 steelbarb worms
  7 necromancers
  34 deep elf pyromancers
  25 harpies
  16 large abominations
  A lightning spire (Zot:4)
  A shadow dragon zombie (Crypt:3)
  6 wolf spider zombies (Spider:1)
  9 cyclopes
  27 deep elf zephyrmancers
  22 wolf spiders
  30 ugly things
  6 shining eyes
  20 fauns
  2 harpies (shapeshifter)
  7 orc sorcerers
  4 salamanders (Volcano)
  2 moths of wrath (shapeshifter)
  4 spectral centaurs (Tar:1)
  12 manticores
  Maurice (D:10)
  4 elephants (Lair:5)
  28 moths of wrath
  118 slime creatures
  An alligator skeleton (Crypt:1)
  A naga zombie (Crypt:2)
  A guardian serpent (Abyss:1)
  6 rust devils
  2 centaur zombies
  7 worldbinders
  2 kobold blastminers (Orc:2)
  An eye of devastation (shapeshifter) (Depths:3)
  A guardian serpent (shapeshifter) (Abyss:4)
  4 merfolk sirens
  4 eyes of devastation
  2 molten gargoyles (Volcano)
  A water nymph (shapeshifter) (Abyss:4)
  9 smoke demons
  8 vault sentinels
  A titan simulacrum (Depths:4)
  8 water nymphs
  A black mamba (shapeshifter) (Elf:1)
  6 black mambas
  Maggie (D:9)
  6 gargoyles (D:10)
  4 orange demons
  A naga mage (Abyss:1)
  A storm dragon simulacrum (Crypt:2)
  4 centaur skeletons (D:13)
  A hellion (Tar:1)
  An unseen horror (shapeshifter) (D:9)
  8 unseen horrors
  5 torpor snails
  An unseen horror zombie (Crypt:3)
  6 rime drakes
  A mana viper skeleton (Crypt:1)
  25 yaktaurs
  13 cane toads
  2 anaconda simulacra
  4 tengu conjurers
  2 efreet
  A minotaur zombie (Crypt:2)
  4 kobold demonologists (D:13)
  A komodo dragon (shapeshifter) (Vaults:2)
  10 komodo dragons
  2 ice devils (Hell)
  An iron giant simulacrum (Crypt:2)
  A tormentor (Abyss:1)
  11 freezing wraiths
  A white draconian skeleton (Crypt:2)
  4 ancient zymes
  2 golden dragon simulacra (Depths:4)
  6 guardian mummies (Crypt:3)
  A queen bee (Orc:1)
  2 harpy zombies
  11 trolls
  A hellwing (Abyss:3)
  2 hornets (shapeshifter)
  A hornet (D:9)
  6 polar bears
  2 shadow dragon simulacra (Crypt:2)
  32 merfolk
  8 wind drakes
  A silent spectre (Tar:1)
  32 tarantellas
  23 blink frogs
  A wolf spider simulacrum (Spider:1)
  A tarantella (shapeshifter) (Abyss:4)
  23 raiju
  A snapping turtle (shapeshifter) (Depths:3)
  5 glass eyes
  An iron dragon simulacrum (Abyss:4)
  6 dream sheep (Shoals:3)
  An ettin zombie (Crypt:1)
  28 jumping spiders
  A culicivora zombie (Crypt:1)
  A spectral black mamba (Lair:5)
  A black mamba zombie (Crypt:2)
  2 shadows
  9 snapping turtles
  21 culicivoras
  A guardian serpent skeleton (Crypt:2)
  An ettin skeleton (Crypt:2)
  4 air elementals
  A spriggan (shapeshifter) (D:9)
  Sigmund (D:5)
  12 water elementals
  3 fire bats
  2 vampires
  6 ynoxinuls
  6 golden eyes (Slime:3)
  2 wargs (Orc:2)
  2 wyverns
  2 fire elementals (Elf:2)
  2 basilisks
  24 yaks
  55 redbacks
  8 wraiths
  5 neqoxecs
  8 vampire mosquitoes
  A spectral cane toad (Lair:5)
  5 chaos spawn
  5 steam dragons (Shoals:2)
  4 acid dragons
  2 death yak simulacra (Lair:5)
  17 small abominations
  A demonspawn zombie (Crypt:1)
  A merfolk zombie (Crypt:3)
  3 harpy simulacra
  Edmund (D:5)
  A swamp worm (shapeshifter) (Vaults:3)
  A hydra simulacrum (Lair:5)
  6 hell hounds
  Duvessa (D:7)
  9 water moccasins
  A black bear (Lair:4)
  An entropy weaver zombie (Crypt:2)
  25 orc warriors
  6 ice beasts
  A boulder beetle simulacrum (Lair:5)
  2 sky beasts (D:8)
  5 ogres
  19 laughing skulls
  2 boggarts (D:13)
  10 centaurs
  26 wolves
  A phantom (D:5)
  2 weeping skulls (Abyss:1)
  9 kobold brigands
  6 bullfrogs
  5 gnoll sergeants
  A brain worm (Abyss:1)
  Blork the orc (Orc:2)
  5 scorpions
  A naga simulacrum (Crypt:2)
  4 necrophages (Crypt:1)
  3 earth elementals
  10 wights
  Dowan (D:7)
  A cyclops skeleton (Crypt:2)
  36 killer bees
  A raiju skeleton (Crypt:3)
  A wolf zombie (Crypt:2)
  6 electric eels
  A howler monkey (D:5)
  A bombardier beetle (D:4)
  3 quasits
  7 lava snakes (Volcano)
  14 orc priests
  6 hounds
  5 jellies
  2 gnoll boudas
  2 human skeletons (Crypt:1)
  19 starcursed masses
  2 human zombies (Crypt:1)
  Jessica (D:3)
  8 iguanas
  Terence (D:3)
  23 orc wizards
  10 hell rats
  A sky beast zombie (Crypt:3)
  An acid dragon zombie (Crypt:2)
  8 mummies (Crypt:1)
  27 gnolls
  8 adders
  A shadow imp (D:7)
  2 white imps
  6 ufetubi
  An iguana zombie (Crypt:1)
  A lava snake zombie (Crypt:1)
  A lava snake skeleton (Crypt:1)
  A ribbon worm (D:2)
  6 dart slugs
  54 orcs
  9 endoplasms
  3 giant cockroaches
  8 goblins
  5 hobgoblins
  4 jackals (D:5)
  4 quokkas
  4 ball pythons
  7 bats
  4 frilled lizards
  A jackal skeleton (Crypt:3)
  A jackal zombie (Crypt:1)
  16 kobolds
  A kobold zombie (Crypt:1)
  5 rats
  2 lurking horrors (Abyss:4)
  3 spectral weapons (Spider:3)
  8 starspawn tentacles
  4 tentacles (Shoals:4)
2679 creatures vanquished.

Vanquished Creatures (collateral kills)
  A fire giant (Depths:2)
  A cacodemon (Zot:4)
  A reaper (Hell)
  A blizzard demon (Hell)
  A deep troll shaman (Depths:2)
  A soul eater (Hell)
  2 sun demons (Hell)
  A rust devil (Hell)
  A moth of wrath (Zot:4)
  2 hell hounds (Hell)
  2 hell rats (Hell)
14 creatures vanquished.

Vanquished Creatures (others)
  A deep elf master archer (Elf:3)
  A storm dragon (Zot:1)
  A draconian knight (Zot:2)
  A ghost moth (Zot:4)
  A spriggan defender (Depths:2)
  2 deep elf death magi
  A red draconian (Zot:3)
  A white draconian (Zot:2)
  2 alligators (Zot:4)
  A deep troll shaman (Depths:2)
  2 hell knights (Hell)
  2 sun demons (Hell)
  A soul eater (Hell)
  A deep elf zephyrmancer (Elf:3)
  2 necromancers (Hell)
  A rust devil (Hell)
  A molten gargoyle (Hell)
  3 water nymphs (Zot:4)
  An unseen horror (Abyss:4)
  A stone giant simulacrum (Hell)
  2 dire elephant simulacra (Hell)
  A naga simulacrum (Hell)
  A harpy simulacrum (Hell)
  A hell hound (Hell)
  A centaur (D:13)
  An orc wizard (D:11)
  2 lurking horrors
  26 starspawn tentacles
  4 tentacles (Shoals:4)
66 creatures vanquished.

Grand Total: 2759 creatures vanquished

Notes
Turn   | Place    | Note
-------+----------+-------------------------------------------
     0 | D:1      | becking the Minotaur Fighter began the quest for the Orb.
     0 | D:1      | Reached XP level 1. HP: 19/19 MP: 0/0
   149 | D:1      | Reached XP level 2. HP: 27/27 MP: 1/1
   195 | D:1      | Found Tafeocs's Antique Armour Shop.
   664 | D:2      | Reached XP level 3. HP: 30/33 MP: 2/2
   715 | D:2      | Found Umynt's Distillery.
   830 | D:2      | Found Jionez's Jewellery Emporium.
  1150 | D:2      | Found Itioforam's Magic Scroll Boutique.
  1285 | D:3      | Noticed Terence
  1286 | D:3      | Noticed Jessica
  1293 | D:3      | Killed Terence
  1294 | D:3      | Reached skill level 1 in Dodging
  1294 | D:3      | Reached XP level 4. HP: 34/40 MP: 3/3
  1296 | D:3      | Killed Jessica
  1299 | D:3      | Gained mutation: You are covered in fur. (AC +1) [potion of
                  | mutation]
  1299 | D:3      | Gained mutation: You are dopey. (Int -2) [potion of
                  | mutation]
  1621 | D:3      | Reached XP level 5. HP: 18/46 MP: 4/4
  1905 | D:4      | Noticed an ogre
  1915 | D:4      | Reached skill level 5 in Axes
  1915 | D:4      | Reached XP level 6. HP: 45/53 MP: 5/5
  1918 | D:4      | Reached skill level 5 in Fighting
  2013 | D:4      | Noticed Pikel
  2028 | D:4      | Killed Pikel
  2029 | D:4      | Reached skill level 5 in Armour
  2029 | D:4      | Reached skill level 5 in Shields
  2029 | D:4      | Reached XP level 7. HP: 23/62 MP: 6/6
  2513 | D:5      | Entered Level 5 of the Dungeon
  2710 | D:5      | Noticed Sigmund
  2714 | D:5      | Reached XP level 8. HP: 65/70 MP: 7/7
  2738 | D:5      | Killed Sigmund
  3120 | D:5      | Found a staircase to the Ecumenical Temple.
  3232 | D:5      | Identified the +7 battleaxe "Mocvupp" {venom, rN+ Int+2
                  | Stlth+}
  3383 | D:5      | Noticed Edmund
  3390 | D:5      | Killed Edmund
  3391 | D:5      | Reached skill level 10 in Axes
  3686 | D:5      | Reached XP level 9. HP: 78/78 MP: 8/8
  4058 | Temple   | Entered the Ecumenical Temple
  4683 | D:5      | Found the +7 staff of the Meek {protect, meekguard}
  5892 | D:7      | Noticed Dowan
  5893 | D:7      | Noticed Duvessa
  5901 | D:7      | Killed Duvessa
  5903 | D:7      | Killed Dowan
  6584 | D:8      | Reached XP level 10. HP: 88/88 MP: 9/9
  6653 | D:8      | Noticed a two-headed ogre
  6659 | D:8      | Killed a two-headed ogre
  7404 | D:9      | Reached skill level 15 in Axes
  7782 | D:9      | Found a staircase to the Orcish Mines.
  7790 | D:9      | Noticed a centaur warrior
  7791 | D:9      | Noticed a cyclops
  7792 | D:9      | Noticed a boulder beetle
  7793 | D:9      | Noticed a seven-headed hydra
  7793 | D:9      | Noticed a cyclops
  7793 | D:9      | Noticed a cane toad
  7793 | D:9      | Noticed a brown ugly thing
  7885 | D:9      | Found a staircase to the Lair.
  7912 | D:9      | Noticed Maggie
  7921 | D:9      | Killed Maggie
  7988 | D:9      | Noticed Harold
  7995 | D:9      | Killed Harold
  8002 | D:9      | Noticed a black mamba
  8004 | D:9      | Noticed a harpy
  8006 | D:9      | a yak changed into a cane toad
  8006 | D:9      | Noticed a cane toad (shapeshifter)
  8148 | D:9      | Found an ancient bone altar of Kikubaaqudgha.
  8149 | D:9      | Found an opulent altar of Gozag.
  8154 | D:9      | Became a worshipper of Gozag Ym Sagoz the Greedy
  8189 | D:9      | Noticed a death drake
  8325 | D:1      | Bought a pair of runed gloves for 165 gold pieces
  8376 | D:2      | Bought a scroll of fog for 52 gold pieces
  8376 | D:2      | Bought a scroll of amnesia for 52 gold pieces
  8376 | D:2      | Bought a scroll of identify for 26 gold pieces
  8376 | D:2      | Bought a scroll of teleportation for 39 gold pieces
  8376 | D:2      | Bought a scroll of enchant armour for 97 gold pieces
  8565 | D:9      | Noticed an entropy weaver
  8716 | D:10     | Entered Level 10 of the Dungeon
  8716 | D:10     | Noticed Maurice
  8720 | D:10     | Killed Maurice
  8721 | D:10     | Reached XP level 11. HP: 97/97 MP: 6/10
  9117 | D:10     | Noticed a two-headed ogre
  9121 | D:10     | Killed a two-headed ogre
  9261 | D:10     | Reached skill level 5 in Dodging
  9388 | D:10     | Reached skill level 10 in Fighting
  9694 | D:11     | You fall into a shaft and drop 3 floors!
  9888 | D:14     | Noticed a centaur warrior
  9896 | D:14     | Killed a centaur warrior
  9974 | D:14     | Noticed a tengu warrior
 10095 | D:13     | Noticed an orc sorcerer
 10105 | D:13     | Noticed a centaur warrior
 10111 | D:13     | Killed a centaur warrior
 10138 | D:13     | Noticed a sphinx
 10146 | D:13     | Noticed a centaur warrior
 10149 | D:13     | Noticed a centaur warrior
 10151 | D:13     | Noticed a deep elf pyromancer
 10154 | D:13     | Noticed a centaur warrior
 10160 | D:13     | Noticed a deep elf pyromancer
 10166 | D:13     | Killed a centaur warrior
 10273 | D:13     | Noticed a purple ugly thing
 10282 | D:13     | Killed a purple ugly thing
 10415 | D:13     | Killed a centaur warrior
 10416 | D:13     | Noticed an orc sorcerer
 10670 | D:12     | Reached XP level 12. HP: 110/110 MP: 5/11
 10928 | D:11     | Noticed an ogre mage
 10932 | D:11     | Killed an ogre mage
 10933 | D:11     | Noticed a centaur warrior
 11284 | D:11     | Noticed Erolcha
 11287 | D:11     | Noticed a centaur warrior
 11294 | D:11     | Killed a centaur warrior
 11297 | D:11     | Killed Erolcha
 11355 | D:11     | Noticed a centaur warrior
 11367 | D:11     | Killed a centaur warrior
 11595 | D:11     | Killed a centaur warrior
 13289 | D:2      | Bought the amulet of the Four Winds {rN+ Will+++ Clar} for
                  | 789 gold pieces
 13289 | D:2      | Found the amulet of the Four Winds {rN+ Will+++ Clar}
 13289 | D:2      | Bought a ring of see invisible for 195 gold pieces
 13431 | D:2      | Bought a potion of heal wounds for 70 gold pieces
 13503 | D:2      | Bought a scroll of poison for 52 gold pieces
 13503 | D:2      | Bought a scroll of enchant armour for 97 gold pieces
 13647 | Orc:1    | Entered Level 1 of the Orcish Mines
 13660 | Orc:1    | Reached XP level 13. HP: 116/119 MP: 0/12
 14048 | Orc:2    | Entered Level 2 of the Orcish Mines
 14116 | Orc:2    | Noticed Blork the orc
 14128 | Orc:2    | Noticed an orc warlord
 14130 | Orc:2    | Killed Blork the orc
 14146 | Orc:2    | Killed an orc warlord
 14172 | Orc:2    | Found Ikauzenn's General Store.
 14334 | Orc:2    | Found a staircase to the Elven Halls.
 14392 | Orc:2    | Found Manuocuk's Antique Armour Shoppe.
 14420 | Orc:2    | Found Ruckar's Jewellery Shoppe.
 14453 | Orc:2    | Found a runed translucent gate.
 14454 | Orc:2    | Found a runed translucent gate.
 14455 | Orc:2    | Noticed Pooter's ghost (journeyman MiBe)
 14455 | Orc:2    | Identified the +6 spear of Codwewn {flame, rF++ rN+}
 14457 | Orc:2    | Noticed an orc warlord
 14459 | Orc:2    | Found a runed translucent gate.
 14698 | Orc:2    | Found Repu's Antique Weapon Shoppe.
 15418 | Orc:2    | Bought a masterwork broad axe for 261 gold pieces
 15418 | Orc:2    | Identified the +4 broad axe "Quedwote" {protect, +Blink
                  | SInv Stlth-} (You bought it in a shop on level 2 of the
                  | Orcish Mines)
 15444 | Orc:2    | Bought a scroll of identify for 26 gold pieces
 15780 | Orc:2    | Killed Pooter's ghost
 15791 | Orc:2    | Killed an orc warlord
 16889 | D:13     | Reached skill level 10 in Armour
 17229 | D:13     | Found a gate to the Vaults.
 17824 | D:13     | Found a transporter.
 17888 | D:14     | Reached XP level 14. HP: 130/133 MP: 8/13
 18053 | D:14     | Reached skill level 15 in Fighting
 18418 | D:15     | Entered Level 15 of the Dungeon
 18465 | D:15     | Noticed Nessos
 18468 | D:15     | Killed Nessos
 18979 | D:15     | Found a staircase to the Depths.
 19586 | D:15     | Noticed Louise
 19600 | D:15     | Killed Louise
 20177 | D:13     | Found a radiant altar of Vehumet.
 20212 | D:13     | Killed a sphinx
 20301 | D:13     | Identified the -1 cloak "Kampoz" {Int+2}
 20323 | D:13     | Found a transporter.
 20497 | D:15     | Bought a scroll of fear for 48 gold pieces
 20497 | D:15     | Bought a scroll of revelation for 90 gold pieces
 20507 | D:15     | Bought 2 scrolls of blinking for 180 gold pieces
 20529 | D:15     | Bought a steaming scarf for 320 gold pieces
 20529 | D:15     | Identified the scarf "Rojuola" {harm, rN+} (You bought it
                  | in a shop on level 15 of the Dungeon)
 20540 | D:15     | Bought a translucent plate armour for 896 gold pieces
 20540 | D:15     | Identified the +0 plate armour of Analysis {rF- Regen+
                  | rCorr Str-3} (You bought it in a shop on level 15 of the
                  | Dungeon)
 20693 | Lair:1   | Entered Level 1 of the Lair of Beasts
 21816 | D:2      | Bought a ring of poison resistance for 260 gold pieces
 22110 | Lair:2   | Found a hole to the Spider Nest.
 22272 | Lair:2   | Noticed Gastronok
 22287 | Lair:2   | Killed Gastronok
 22677 | Lair:2   | Reached XP level 15. HP: 144/147 MP: 2/14
 23807 | Lair:3   | Found a staircase to the Shoals.
 24852 | Lair:4   | Found a dark tunnel.
 24942 | Volcano  | Entered a volcano
 25262 | Volcano  | Found a bloodstained altar of Trog.
 25720 | Lair:4   | Reached skill level 1 in Evocations
 25720 | Lair:4   | Reached XP level 16. HP: 159/159 MP: 15/15
 26589 | Lair:5   | Entered Level 5 of the Lair of Beasts
 26788 | Lair:5   | Found a runed translucent gate.
 26789 | Lair:5   | Found a runed translucent gate.
 26790 | Lair:5   | Found a runed translucent gate.
 26821 | Lair:5   | Noticed peterlawrence's ghost (journeyman MiFi)
 27230 | Lair:5   | Noticed Urug
 27241 | Lair:5   | Killed Urug
 27256 | Lair:5   | Found a staircase to the Slime Pits.
 27260 | Lair:5   | Identified the ring "Dariv" {rPois rF+ Dex+2 Stlth+}
 29047 | D:15     | Bought a dazzling chain mail for 304 gold pieces
 29047 | D:15     | Identified the +7 chain mail of the Kodama {Slay+2} (You
                  | bought it in a shop on level 15 of the Dungeon)
 29072 | D:15     | Bought a warped scale mail for 288 gold pieces
 29072 | D:15     | Identified the +0 scale mail of the Big Bang {Str+7 Dex-4}
                  | (You bought it in a shop on level 15 of the Dungeon)
 29839 | Lair:5   | Killed peterlawrence's ghost
 29850 | Lair:5   | Identified the amulet of Xom's Capriciousness {Reflect rC+
                  | Will+ Regen+ SH+5 Stlth+}
 29852 | Lair:5   | Identified the +11 flail "Ufodigo" {freeze, rElec Str-3
                  | Dex+6}
 30217 | D:15     | Bought the ring of Coaptaoh {rElec rPois AC+4 SInv Stlth+}
                  | for 795 gold pieces
 30230 | Depths:1 | Entered Level 1 of the Depths
 30424 | Depths:1 | Reached XP level 17. HP: 102/170 MP: 1/16
 31005 | Depths:1 | Found a one-way gate leading to the halls of Pandemonium.
 31036 | Depths:1 | Found a gateway to Hell.
 31085 | Depths:1 | Found Garebbet's Weapon Emporium.
 31087 | Depths:1 | Found Etoegas's Book Shoppe.
 31089 | Depths:1 | Found Zuahenuv's Antique Weapon Emporium.
 31470 | Depths:2 | Found Coluifet's Book Shop.
 31901 | Depths:2 | Found a one-way gateway to a ziggurat.
 32149 | Depths:2 | Found a shimmering altar of Xom.
 32376 | Depths:2 | Noticed a tentacled monstrosity
 32378 | Depths:2 | Noticed a walking earthen tome
 32379 | Depths:2 | Noticed a titan
 32381 | Depths:2 | Noticed a tentacled monstrosity
 32389 | Depths:2 | Killed a tentacled monstrosity
 32443 | Depths:2 | Noticed a sphinx
 32454 | Depths:2 | Killed a titan
 32646 | Depths:2 | Killed a sphinx
 32654 | Depths:2 | Killed a walking earthen tome
 33233 | Depths:2 | Killed a tentacled monstrosity
 33286 | Depths:2 | Identified the ring "Zaqytano" {rElec rPois MP+9 SInv}
 33583 | Depths:2 | Noticed a lich
 33593 | Depths:2 | Killed a lich
 33876 | Depths:2 | Found the +8 trishula "Condemnation" {holy, anguish, *Noise
                  | Fly rN+}
 33889 | Depths:2 | Identified the amulet "Veuv" {Faith rN+ Str+4}
 33890 | Depths:2 | Identified the ring "Foph" {rF- rC+ rCorr Slay+3}
 33893 | Depths:2 | Identified the +5 trident of the Tired Olives {heavy,
                  | *Noise ^Drain rF+ Int+8}
 34259 | Depths:2 | Noticed a walking earthen tome
 34263 | Depths:2 | Paralysed by a vampire knight for 4 turns
 34281 | Depths:2 | Killed a walking earthen tome
 34588 | Depths:1 | Bought a brightly glowing demon whip for 700 gold pieces
 34588 | Depths:1 | Identified the +2 demon whip of the Exiled Continents
                  | {freeze, Will+ Stlth+} (You bought it in a shop on level 1
                  | of the Depths)
 34799 | Spider:1 | Entered Level 1 of the Spider Nest
 34981 | Spider:1 | Reached XP level 18. HP: 184/184 MP: 7/17
 35127 | Spider:1 | Lost mutation: You are covered in fur. (AC +1) [potion of
                  | mutation]
 35127 | Spider:1 | Lost mutation: You are dopey. (Int -2) [potion of mutation]
 35127 | Spider:1 | Gained mutation: You expend magic power (3 MP) to
                  | strengthen your wands. [potion of mutation]
 35127 | Spider:1 | Gained mutation: You have supernaturally acute eyesight.
                  | (SInv) [potion of mutation]
 35127 | Spider:1 | Gained mutation: You are robust. (+10% HP) [potion of
                  | mutation]
 35128 | Spider:1 | Lost mutation: You expend magic power (3 MP) to strengthen
                  | your wands. [potion of mutation]
 35128 | Spider:1 | Lost mutation: You are robust. (+10% HP) [potion of
                  | mutation]
 35128 | Spider:1 | Gained mutation: Your skin changes colour to match your
                  | surroundings (Stealth+). [potion of mutation]
 35128 | Spider:1 | Gained mutation: You expend magic power (3 MP) to
                  | strengthen your wands. [potion of mutation]
 35128 | Spider:1 | Gained mutation: You are vulnerable to heat. (rF-)
                  | [mutagenic glow]
 35129 | Spider:1 | Lost mutation: You are vulnerable to heat. (rF-) [potion of
                  | mutation]
 35129 | Spider:1 | Lost mutation: Your skin changes colour to match your
                  | surroundings (Stealth+). [potion of mutation]
 35129 | Spider:1 | Gained mutation: Your flesh is heat resistant. (rF+)
                  | [potion of mutation]
 35129 | Spider:1 | Gained mutation: Your health recovers twice as slowly from
                  | being drained. [potion of mutation]
 36500 | Spider:3 | Reached skill level 10 in Shields
 36671 | Spider:4 | Entered Level 4 of the Spider Nest
 36849 | Spider:4 | Got a milky-white gem with 454 turns to spare
 36891 | Spider:4 | Got a gossamer rune of Zot
 37929 | Spider:3 | Noticed Arachne
 37936 | Spider:3 | Reached XP level 19. HP: 143/193 MP: 8/18
 37942 | Spider:3 | Identified the +1 kite shield "Unegame" {rF+}
 37942 | Spider:3 | Noticed Asterion
 37949 | Spider:3 | Killed Arachne
 37957 | Spider:3 | Killed Asterion
 37958 | Spider:3 | Reached skill level 15 in Armour
 39851 | Slime:1  | Entered Level 1 of the Pits of Slime
 40129 | D:15     | Bought a pair of glowing boots for 262 gold pieces
 40527 | Shoals:1 | Entered Level 1 of the Shoals
 40573 | Shoals:1 | Identified the +9 shortbow "Taiskuec" {speed, Str+2}
 40590 | Shoals:1 | Found a transporter.
 40590 | Shoals:1 | Found Haq Ubod's Weapon Emporium.
 40735 | Shoals:1 | Found a transporter.
 41977 | Shoals:2 | You are sucked into a shaft and drop 1 floor!
 41977 | Shoals:3 | Noticed Polyphemus
 42067 | Shoals:3 | Killed Polyphemus
 44430 | Shoals:4 | Entered Level 4 of the Shoals
 44744 | Shoals:4 | Identified the +0 halberd "Doizxaw" {flame, Int+4 Stlth+}
 44908 | Shoals:4 | Identified the +8 whip "Lifebane" {drain, Int+6}
 45055 | Shoals:4 | Got a barnacled rune of Zot
 45190 | Shoals:4 | Reached XP level 20. HP: 205/205 MP: 14/19
 46624 | Elf:1    | Entered Level 1 of the Elven Halls
 46706 | Elf:1    | Found Daidaero's Magic Scroll Shoppe.
 46782 | Elf:1    | Reached skill level 15 in Shields
 46881 | Elf:1    | Paralysed by an air elemental for 1 turns
 46884 | Elf:1    | Paralysed by an air elemental for 1 turns
 47328 | Elf:1    | Identified the +6 lajatang of Gonleito {flame, rPois rF+
                  | Int+3}
 48197 | Vaults:1 | Entered Level 1 of the Vaults
 48469 | Vaults:1 | Noticed Nikola
 48481 | Vaults:1 | Killed Nikola
 48482 | Vaults:1 | Reached skill level 27 in Axes
 49216 | Vaults:1 | Found Viunlure's Book Shop.
 49374 | Vaults:1 | Identified the serpent talisman of Hairiness {Str+3}
 49374 | Vaults:1 | Noticed Aizul
 49415 | Vaults:1 | Killed Aizul
 52037 | D:15     | Bought an ichor-stained ring mail for 225 gold pieces
 52037 | D:15     | Identified the +1 ring mail of Objectivity {rC++ Dex+2}
                  | (You bought it in a shop on level 15 of the Dungeon)
 52041 | D:15     | Bought a pair of faintly humming boots for 256 gold pieces
 52041 | D:15     | Identified the -2 pair of boots of Ravioli {rF+ rC- rN++
                  | Stlth+} (You bought it in a shop on level 15 of the
                  | Dungeon)
 52193 | Vaults:3 | Noticed Zenata
 52208 | Vaults:3 | Killed Zenata
 52469 | Vaults:3 | Identified the death talisman of Ozxau {rCorr Str+2 Int-4}
 52683 | Vaults:3 | Reached XP level 21. HP: 204/216 MP: 6/20
 52988 | Vaults:3 | Found a staircase to the Crypt.
 53408 | Vaults:3 | Noticed a golden dragon
 53418 | Vaults:3 | Killed a golden dragon
 54623 | Vaults:4 | Identified the ring of Laizonoo {rN+ Dex+3}
 55263 | D:9      | Got the Tome of the Assorted Nightingales
 56036 | Vaults:4 | Reached skill level 10 in Dodging
 56758 | Vaults:4 | Bought a scroll of enchant weapon for 120 gold pieces
 57069 | D:2      | Bought a potion of might for 56 gold pieces
 57069 | D:2      | Bought 2 potions of resistance for 280 gold pieces
 57069 | D:2      | Bought a potion of berserk rage for 70 gold pieces
 57069 | D:2      | Lost mutation: Your health recovers twice as slowly from
                  | being drained. [potion of mutation]
 57069 | D:2      | Lost mutation: You expend magic power (3 MP) to strengthen
                  | your wands. [potion of mutation]
 57069 | D:2      | Gained mutation: Your mind is acute. (Int +4, Str/Dex -1)
                  | [potion of mutation]
 57069 | D:2      | Gained mutation: You are somewhat resistant to further
                  | mutation. [potion of mutation]
 57070 | D:2      | Lost mutation: Your mind is acute. (Int +4, Str/Dex -1)
                  | [potion of mutation]
 57070 | D:2      | Lost mutation: Your flesh is heat resistant. (rF+) [potion
                  | of mutation]
 57071 | D:2      | Lost mutation: You are somewhat resistant to further
                  | mutation. [potion of mutation]
 57071 | D:2      | Lost mutation: You have supernaturally acute eyesight.
                  | (SInv) [potion of mutation]
 57071 | D:2      | Gained mutation: You are clumsy. (Dex -2) [potion of
                  | mutation]
 57071 | D:2      | Gained mutation: Potions are less effective at restoring
                  | your health. [potion of mutation]
 57071 | D:2      | Gained mutation: You are strong-willed. (Will+) [potion of
                  | mutation]
 57072 | D:2      | Lost mutation: Potions are less effective at restoring your
                  | health. [potion of mutation]
 57072 | D:2      | Lost mutation: You are clumsy. (Dex -2) [potion of
                  | mutation]
 57072 | D:2      | Gained mutation: You are somewhat resistant to further
                  | mutation. [potion of mutation]
 57072 | D:2      | Gained mutation: You have a pair of large horns on your
                  | head. [potion of mutation]
 57073 | D:2      | Bought 2 potions of mutation for 224 gold pieces
 57073 | D:2      | Bought a potion of mutation for 112 gold pieces
 57782 | Depths:3 | Noticed a golden dragon
 57789 | Depths:3 | Killed a golden dragon
 57808 | Depths:3 | Noticed a golden dragon
 57818 | Depths:3 | Noticed a juggernaut
 58026 | Depths:3 | Found a one-way gate to the infinite horrors of the Abyss.
 58087 | Depths:3 | Killed a golden dragon
 58088 | Depths:3 | Reached XP level 22. HP: 163/227 MP: 9/21
 58255 | Depths:3 | Noticed a golden dragon
 58262 | Depths:3 | Killed a golden dragon
 58266 | Depths:3 | Noticed a juggernaut
 58269 | Depths:3 | Noticed a juggernaut
 58278 | Depths:3 | Killed a juggernaut
 58283 | Depths:3 | Killed a juggernaut
 58315 | Depths:3 | Found an ancient bone altar of Kikubaaqudgha.
 58337 | Depths:3 | Killed a juggernaut
 58480 | Depths:3 | Noticed a juggernaut
 58489 | Depths:3 | Killed a juggernaut
 59325 | Depths:4 | Entered Level 4 of the Depths
 59325 | Depths:4 | Found a portal to a secret trove of treasure.
 59535 | Depths:4 | Found a flickering gateway to a bazaar.
 59552 | Bazaar   | Entered a bazaar
 59617 | Bazaar   | Found Kegofec's Assorted Antiques.
 59624 | Bazaar   | Found Qyus's Book Boutique.
 59625 | Bazaar   | Bought a pair of smoking gloves for 152 gold pieces
 59625 | Bazaar   | Identified the +0 pair of gloves of Uguytuym {^Drain Fly
                  | rF+ rN+} (You bought it in a shop in a bazaar)
 59655 | Bazaar   | Found Goklim's Magic Scroll Shoppe.
 59662 | Bazaar   | Bought a scroll of summoning for 123 gold pieces
 59662 | Bazaar   | Bought a scroll of enchant armour for 97 gold pieces
 59662 | Bazaar   | Bought a scroll of fear for 52 gold pieces
 59662 | Bazaar   | Bought a scroll of brand weapon for 123 gold pieces
 59662 | Bazaar   | Bought a scroll of enchant armour for 97 gold pieces
 59662 | Bazaar   | Found Qireirph's Weapon Emporium.
 59667 | Bazaar   | Found Muinurho's Armour Emporium.
 59761 | Bazaar   | Bought a manual of Armour for 1200 gold pieces
 60074 | Depths:4 | Found a gate to the Realm of Zot.
 60082 | Depths:4 | Noticed a golden dragon
 60084 | Depths:4 | Reached skill level 27 in Fighting
 60518 | Depths:4 | Killed a golden dragon
 60667 | Depths:4 | Identified the ring "Voopihie" {Ice Dex+3}
 60667 | Depths:4 | Identified the death talisman "Joola" {*Corrode Str+8}
 60667 | Depths:4 | Noticed Josephina
 60681 | Depths:4 | Killed Josephina
 61732 | D:15     | Bought a shimmering scale mail for 315 gold pieces
 61732 | D:15     | Identified the +2 scale mail of Vidghikic {*Slow rElec
                  | Str+2} (You bought it in a shop on level 15 of the Dungeon)
 61735 | D:15     | Bought a scroll of summoning for 114 gold pieces
 62023 | Vaults:5 | Entered Level 5 of the Vaults
 62312 | Vaults:5 | Reached XP level 23. HP: 184/227 MP: 11/22
 62575 | Vaults:5 | Found Fenluux's Magic Scroll Boutique.
 62608 | Vaults:5 | Noticed a dread lich
 62615 | Vaults:5 | Killed a dread lich
 62622 | Vaults:5 | Reached skill level 5 in Evocations
 62629 | Vaults:5 | Identified the +9 war axe of Cugus {holy, +Blink rC++ Str-4
                  | Stlth+}
 62898 | Vaults:5 | Noticed Sojobo
 62913 | Vaults:5 | Killed Sojobo
 63631 | Vaults:5 | Got a silver rune of Zot
 63956 | Vaults:5 | Noticed an ancient lich
 63970 | Vaults:5 | Killed an ancient lich
 63993 | Vaults:5 | Identified the +2 leather armour of Impermeability {Str+9
                  | Int+3 Dex-4 Stlth-}
 64049 | Vaults:5 | Got Poopniah's Quarto of the Ghoulish Evil Eye
 64265 | Vaults:5 | Identified the +2 plate armour of Inference {Will+}
 67476 | Slime:3  | Gained mutation: You are weak. (Str -2) [a shining eye]
 67570 | Slime:3  | Lost mutation: You are strong-willed. (Will+) [potion of
                  | mutation]
 67570 | Slime:3  | Lost mutation: You have a pair of large horns on your head.
                  | [potion of mutation]
 67570 | Slime:3  | Lost mutation: You are weak. (Str -2) [potion of mutation]
 67952 | Slime:5  | Entered Level 5 of the Pits of Slime
 68950 | Slime:5  | Reached XP level 24. HP: 249/249 MP: 3/22
 69227 | Slime:5  | Noticed the Royal Jelly
 69243 | Slime:5  | Killed the Royal Jelly
 69259 | Slime:5  | HP: 12/249 [azure jelly (6)]
 69327 | Slime:5  | Got the Quarto of the Blaze and the Shot
 69334 | Slime:5  | Got the Guide on the Incendiary Tektite
 69342 | Slime:5  | Identified the ring "Zogho" {Fly rC- rN+++ Str-3 Dex+5}
 69344 | Slime:5  | Identified the +3 battleaxe of Qazlal's Generosity {freeze,
                  | rC- rCorr Int+5 Stlth-}
 69362 | Slime:5  | Identified the +1 halberd "Maokhlux" {drain, Will+ Int+4}
 69365 | Slime:5  | Got a slimy rune of Zot
 69368 | Slime:5  | Identified the +0 ring mail of Forro {rC+ Str+5 Dex+3
                  | Slay+3 Stlth-}
 69396 | Slime:5  | Identified the +10 double sword of the Queen {speed, Str+4
                  | Int-2 Dex+3}
 69421 | Slime:5  | Identified the +9 short sword "Hod Seby" {flame, ^Fragile
                  | rElec MP+9 Str-3}
 69424 | Slime:5  | Identified the +1 orcbow "Jusa" {drain, Will+ Int+3}
 70327 | D:15     | Bought 3 scrolls labelled CETIVO LETT for 84 gold pieces
 70331 | D:15     | Acquired the ring of Zysais {rPois rN+++ AC+4 Dex+4 Slay-2}
 70346 | D:15     | Acquired 404 gold pieces
 70351 | D:15     | Acquired a manual of Dodging
 70897 | Elf:2    | Found a runed translucent gate.
 70898 | Elf:2    | Found a runed translucent gate.
 70898 | Elf:2    | Found a runed translucent gate.
 72210 | Elf:3    | Entered Level 3 of the Elven Halls
 72480 | Elf:3    | Found Gugh's Book Boutique.
 72481 | Elf:3    | Found Reliosol's Jewellery Shoppe.
 72482 | Elf:3    | Found Zoih's Book Boutique.
 72501 | Elf:3    | Found Biejut's General Store.
 72503 | Elf:3    | Identified the ring "Ruonosia" {AC+4 Stlth+}
 72510 | Elf:3    | Identified the staff "Bowedeli" {Fly rPois rN+ Str+2 Int+3
                  | Alchemy}
 72549 | Elf:3    | Identified the +2 rapier "Mucywk" {flame, rC+ rN+}
 72557 | Elf:3    | Identified the ring "Bos Jafo" {rElec rPois Str+6 Stlth-}
 72577 | Elf:3    | Reached skill level 27 in Shields
 72586 | Elf:3    | Identified the +10 flail of the Enfolding Dove {chaos, rC+
                  | Str+3 Int+2}
 72630 | Elf:3    | Identified the +9 hand axe "Kaelycs" {flame, rN+ Str+3}
 72930 | Elf:3    | Identified the amulet "Fadeh" {RegenMP Will+}
 73039 | Elf:3    | Identified the -1 pair of boots of Paucs {+Blink}
 73055 | Elf:3    | Found the +18 shield of the Gong {Loud rN+ Will+ rCorr
                  | EV-5}
 73486 | Elf:3    | Identified the +3 shortbow of Wykaekeost {flame, Str+2}
 73589 | Elf:3    | Got the Cyclopedia of Fetching Resurrection
 74758 | D:15     | Bought +0 ice dragon scales for 1260 gold pieces
 75440 | Zot:1    | Entered Level 1 of the Realm of Zot
 75509 | Depths:4 | You paid a toll of +2 ice dragon scales to enter a treasure
                  | trove
 75510 | Trove    | Entered a treasure trove
 75512 | Trove    | Found the +10 tower shield of Ignorance {rN+ Int-4}
 75513 | Trove    | Found the +3 pair of mountain boots {steadfast, rC+}
 75514 | Trove    | Found the crystal ball of Wucad Mu {*channel}
 75517 | Trove    | Identified the +1 chain mail "Tamoimod" {Harm Regen+ rCorr
                  | Str-5}
 75518 | Trove    | Identified the +2 tower shield "Geiskeme" {rElec MP-9 Dex+6
                  | Stlth+}
 75519 | Trove    | Identified the +1 hat of Farfalle {rN++ rCorr Dex+3 Stlth-}
 75525 | Trove    | Identified the -1 tower shield of the Wilderness {Int+4}
 75527 | Trove    | Identified the +1 robe "Put-Me-On" {Harm MP+9 Str+3 Int+3}
 75529 | Trove    | Identified the +1 leather armour of Repulsion {Int+7}
 75530 | Trove    | Identified the +1 robe "Fyafy" {+Inv SInv}
 75535 | Trove    | Identified the +0 pair of gloves of Dim Light {rElec rC+
                  | Str+4}
 76234 | Depths:3 | Voluntarily entered the Abyss.
 76865 | Abyss:1  | Gained mutation: You do not regenerate when monsters are
                  | visible. [a neqoxec]
 76868 | Abyss:1  | Gained mutation: Your magical capacity is low. (-10% MP) [a
                  | neqoxec]
 77160 | Abyss:1  | Reached skill level 10 in Evocations
 77162 | Abyss:1  | Reached XP level 25. HP: 233/257 MP: 0/19
 77876 | Abyss:3  | Lost mutation: Your magical capacity is low. (-10% MP)
                  | [potion of mutation]
 77876 | Abyss:3  | Lost mutation: You are somewhat resistant to further
                  | mutation. [potion of mutation]
 77876 | Abyss:3  | Gained mutation: Your flesh is cold resistant. (rC+)
                  | [potion of mutation]
 77877 | Abyss:3  | Lost mutation: You do not regenerate when monsters are
                  | visible. [potion of mutation]
 77877 | Abyss:3  | Lost mutation: Your flesh is cold resistant. (rC+) [potion
                  | of mutation]
 77877 | Abyss:3  | Gained mutation: Your natural rate of healing is unusually
                  | fast. [potion of mutation]
 77877 | Abyss:3  | Gained mutation: Your spells are a little harder to cast,
                  | but a little more powerful. [potion of mutation]
 77877 | Abyss:3  | Gained mutation: Your system is resistant to poisons.
                  | (rPois) [potion of mutation]
 77877 | Abyss:3  | Gained mutation: You are partially covered in iridescent
                  | scales. (AC +2) [potion of mutation]
 77939 | Abyss:4  | Found a corrupted altar of Lugonu.
 77973 | Abyss:4  | Found a corrupted altar of Lugonu.
 78163 | Abyss:4  | Gained mutation: You sometimes lose the ability to read
                  | scrolls when taking damage. [a cacodemon]
 78168 | Abyss:4  | Got an abyssal rune of Zot
 78192 | Abyss:4  | Gained mutation: You are vulnerable to heat. (rF-) [a
                  | cacodemon]
 78196 | Abyss:4  | Gained mutation: You sometimes lose your temper in combat.
                  | [a cacodemon]
 78282 | Abyss:4  | Reached skill level 15 in Dodging
 78291 | Depths:3 | Escaped the Abyss
 78321 | Depths:3 | Lost mutation: Your system is resistant to poisons. (rPois)
                  | [potion of mutation]
 78321 | Depths:3 | Lost mutation: You occasionally lose the ability to read
                  | scrolls when taking damage. [potion of mutation]
 78321 | Depths:3 | Lost mutation: You are partially covered in iridescent
                  | scales. (AC +2) [potion of mutation]
 78321 | Depths:3 | Lost mutation: You are vulnerable to heat. (rF-) [potion of
                  | mutation]
 78321 | Depths:3 | Gained mutation: You have an uncontrollable temper. [potion
                  | of mutation]
 78321 | Depths:3 | Gained mutation: You have large cloven feet. [potion of
                  | mutation]
 78837 | Zot:1    | Identified the ring "Ucaiqiof" {rN+ Int+3}
 79422 | Zot:1    | Noticed an orb of fire
 79424 | Zot:1    | Noticed a Killer Klown
 79427 | Zot:1    | Noticed an ancient lich
 79439 | Zot:1    | Found a transporter.
 79457 | Zot:1    | Found a transporter.
 80254 | Zot:1    | Acquired the +6 shadow dragon scales of Beyond {Str+8
                  | Stlth++++}
 80360 | Zot:2    | Reached XP level 26. HP: 266/266 MP: 0/22
 82367 | Zot:3    | Identified the +11 flail "Imp's Regret" {vamp, *Noise Str+7
                  | SInv}
 82616 | Zot:4    | Reached skill level 1 in Maces & Flails
 82719 | Zot:4    | Reached skill level 5 in Maces & Flails
 83039 | Zot:4    | Identified the orb of Satisfaction {*Rage, rPois Dex+2
                  | Fire}
 83253 | Zot:4    | Found a transporter.
 83514 | Zot:4    | Found a transporter.
 84598 | Zot:4    | Identified the staff "Impslayer" {^Drain Fly rC+ MP+9 Summ
                  | Ice}
 84615 | Zot:4    | Identified the ring "Jicvejyhui" {MP+9 Str+6 Slay+4 SInv}
 84628 | Zot:4    | Identified the ring of Luducer {Wiz Will- Str+4 Int+2}
 84665 | Zot:5    | Entered Level 5 of the Realm of Zot
 84958 | Zot:5    | Reached skill level 10 in Maces & Flails
 85240 | Zot:5    | Noticed an ancient lich
 85249 | Zot:5    | Killed an ancient lich
 85919 | Vaults:4 | Bought a scroll of brand weapon for 152 gold pieces
 85919 | Vaults:4 | Bought a scroll of revelation for 120 gold pieces
 86227 | Elf:1    | Bought a scroll of fog for 68 gold pieces
 86227 | Elf:1    | Bought a scroll of brand weapon for 161 gold pieces
 86471 | D:15     | Bought a scroll of brand weapon for 199 gold pieces
 86896 | Hell     | Entered the Vestibule of Hell
 86896 | Hell     | Noticed Geryon
 86918 | Hell     | Killed Geryon
 86940 | Hell     | Gained mutation: You are frail. (-10% HP) [a cacodemon]
 86944 | Hell     | Gained mutation: You occasionally lose the ability to read
                  | scrolls when taking damage. [a cacodemon]
 86946 | Hell     | Paralysed by a wendigo for 1 turns
 87067 | Hell     | Reached XP level 27. HP: 245/245 MP: 19/22
 87156 | Hell     | Found a gateway to the decaying netherworld of Tartarus.
 87315 | Hell     | Found a gateway to the ashen valley of Gehenna.
 87440 | Hell     | Found a gateway to the Iron City of Dis.
 87516 | Hell     | Found a gateway to the freezing wastes of Cocytus.
 87874 | Zot:1    | Killed an ancient lich
 87891 | Zot:1    | Killed an orb of fire
 87942 | Zot:1    | Identified the +5 scale mail "Koniot" {Rampage Int+3 SInv}
 87952 | Zot:1    | Identified the +0 helmet "Efuev" {rElec rPois rN+ Dex+4
                  | Slay+3}
 88236 | Crypt:1  | Entered Level 1 of the Crypt
 88371 | Vaults:5 | Bought a scroll of fog for 64 gold pieces
 90104 | Crypt:2  | Reached skill level 15 in Maces & Flails
 91077 | Crypt:3  | Entered Level 3 of the Crypt
 91188 | Crypt:3  | Reached skill level 27 in Armour
 91570 | Crypt:3  | Identified the +5 trident "Beetlebane" {spect, Int+8 Dex+3}
 91763 | Crypt:3  | Noticed an ancient lich
 91868 | Crypt:3  | Killed an ancient lich
 91919 | Crypt:3  | Identified the staff of Neivaune {rN+ Dex+2 Necro}
 91924 | Crypt:3  | Identified the +0 leather armour of the Known World {rF+
                  | rCorr MP+9 Int+3}
 91925 | Crypt:3  | Identified the +8 halberd "Goupp" {venom, SInv}
 92098 | Crypt:3  | Found a staircase to the Tomb.
 93206 | Zot:5    | Noticed an orb of fire
 93419 | Tar:1    | Entered Level 1 of Tartarus
 93711 | Tar:2    | Noticed a dread lich
 93711 | Tar:2    | Noticed an ancient lich
 93711 | Tar:2    | Noticed an ancient lich
 93711 | Tar:2    | Noticed an ancient lich
 93711 | Tar:2    | Noticed a dread lich
 93715 | Tar:2    | Killed from afar by a hellion

Illustrated notes

Levels and vault maps discovered:
D:1:      mrwooster_arrival_statue_3, layout_rooms, serial_shops, shop,
          chequers_mini_garden, nicolae_twisty_statue_hallways
D:2:      layout_loops_ring, serial_shops, nicolae_shop_rolled_up,
          nicolae_shop_temple_entry_statues_fountains,
          nicolae_shop_advertising_works [nicolae_subvault_shop_adworks]
D:3:      layout_rooms, serial_park_tiny_pond, uniq_jessica, uniq_terence
D:4:      layout_cave_pools, uniq_pikel
D:5:      minmay_polygon_palace, layout_basic, minmay_temple_entry_overgrown,
          pf_guarded_unrand_meek, uniq_sigmund, uniq_edmund
D:6:      layout_basic, corexii_hall_statues_x
D:7:      layout_rooms, minivault_4, uniq_duvessa
D:8:      layout_basic
D:9:      layout_loops_ring, gammafunk_temple_overflow_statue,
          hellmonk_lair_entry_icy, orc_0_dummy, chequers_serial_rivers_room_a,
          minivault_12, uniq_maggie, uniq_harold
D:10:     cheibrodos_statue_roulette, layout_cave_pools, evilmike_butchery,
          uniq_maurice
D:11:     minmay_the_grid_square_5x5_4x4_mashed
          [minmay_the_grid_square_5x5_bridge,
          minmay_the_grid_square_5x5_minimal,
          minmay_the_grid_square_5x5_gyroscope,
          minmay_the_grid_square_5x5_detours, minmay_the_grid_square_5x5_corner,
          minmay_the_grid_square_5x5_prize_deathbox,
          minmay_the_grid_square_5x5_prize_monsterx,
          minmay_the_grid_square_5x5_eight,
          minmay_the_grid_square_5x5_half_checkered,
          minmay_the_grid_square_5x5_prize_gold,
          minmay_the_grid_square_5x5_prize_rear_guard,
          minmay_the_grid_square_5x5_forky, minmay_the_grid_square_5x5_plus,
          minmay_the_grid_square_5x5_tetrominoes,
          minmay_the_grid_square_5x5_minivault, minmay_the_grid_square_5x5_six],
          layout_layer_cave, uniq_erolcha
D:12:     layout_rooms, kennysheep_just_a_vault
D:13:     gammafunk_sealed_library, layout_basic,
          hangedman_vaults_entry_quadrant_bands
D:14:     layout_cave_pools, minmay_crystal_water,
          serial_library_regret_index_double_sided
D:15:     gammafunk_depths_entry_grave, layout_irregular_city,
          minmay_misc_feat_nine_boxes, uniq_nessos, uniq_louise
Temple:   mainiacjoe_temple_big_plus
Lair:1:   layout_gridlike, serial_bayou_shore_b, lemuel_fruit_fields
Lair:2:   layout_gridlike, spider_nest_entry_rubble, infiniplex_staircase_pool,
          uniq_gastronok
Lair:3:   layout_loops_ring, mainiacjoe_shoals_entry_four_pools,
          grunt_megastairs_2
Lair:4:   layout_cave_pods, enter_volcano_1, minmay_lindwurm_lava,
          serial_bayou_shore_a
Lair:5:   grunt_lair_end_beastmaster, layout_small_grid,
          nicolae_slime_entry_slimehenge, gammafunk_ghost_necromancy, uniq_urug
Shoals:1: layout_shoals, serial_shops, nicolae_shop_drivethru
Shoals:2: layout_shoals, nicolae_shoals_drake_roost
Shoals:3: layout_shoals, nicolae_shoals_shepherds, uniq_polyphemus
Shoals:4: shoals_end_hangedman, layout_shoals
Spider:1: layout_spider_delve, nicolae_spider_undead_wolf_pack
Spider:2: layout_spider_delve
Spider:3: layout_spider_delve, uniq_arachne, uniq_asterion
Spider:4: grunt_spider_rune_circles
Slime:1:  cheibrodos_slime_lost_civilization_3, layout_caves
Slime:2:  layout_caves, nicolae_slime_phagocytosis
Slime:3:  layout_caves
Slime:4:  layout_caves
Slime:5:  slime_pit
Orc:1:    layout_diamond_mine, special_room [special_room_bee]
Orc:2:    grunt_orc_cross, layout_diamond_mine, gammafunk_ghost_split
Elf:1:    eino_elf_arrival_customs, layout_geoelf_octagon, serial_shops,
          nicolae_shop_tiny_real_fake_doors, kennysheep_underground_church,
          grunt_megastairs_4
Elf:2:    nicolae_elf_blades_crystal_corner, layout_loops_corners,
          grunt_ministairs_6, minivault_19
Elf:3:    grunt_elf_hall_branching, layout_onion_city, serial_shops,
          nicolae_shop_waterfront, grunt_ministairs_10, minmay_shop_grove
Vaults:1: nicolae_vaults_halls_meeting, vaults_room_door_ring,
          vaults_mumra_hexcomb, nicolae_vaults_apartment_2,
          vaults_dpeg_emergency_exit, nicolae_vaults_two_Ls,
          nicolae_vaults_little_squares_6, nicolae_vaults_trapezoid_1,
          nicolae_vaults_little_squares_1, layout_vaults_big_room, serial_shops,
          nicolae_lakefront_shop, uniq_aizul, uniq_nikola
Vaults:2: nicolae_vaults_offset_grid_hallway_1, v_misc_19,
          nicolae_vaults_yaktaur_gun_rack, hangedman_vaults_slice,
          nicolae_vaults_storage_closets_1, nicolae_vaults_trapezoid_lopsided_1,
          nicolae_vaults_alarming, hangedman_vaults_restitches,
          vaults_dpeg_ring, layout_vaults_quadrants
Vaults:3: hangedman_vaults_stagger, nicolae_vaults_specimen_jars,
          hangedman_vaults_cutoff, minmay_crypt_entry_simple_box,
          nicolae_vaults_surprise_closet, v_misc_24, v_misc_11, st_octagons_1,
          vaults_mumra_chevron_long, ontoclasm_vaults_twist,
          vaults_room_semicircle, layout_vaults_maze_snakey, uniq_zenata
Vaults:4: ontoclasm_vaults_loading_screen, nicolae_vaults_cochlea,
          nicolae_vaults_wrenched, vaults_room_door_hall,
          nicolae_vaults_trapezoid_lopsided_1, hangedman_vaults_capsules,
          vaults_room_fours, grunt_vaults_hallway_long,
          nicolae_vaults_antechamber_and_loot_room, vaults_room_semicircle,
          ontoclasm_vaults_decontamination, vaults_dpeg_spiral,
          layout_vaults_omnicross
Vaults:5: uniq_sojobo
Crypt:1:  layout_regular_city, grunt_megastairs_3,
          grunt_crypt_arrival_guarded_gate, uniq_margery
Crypt:2:  layout_gridlike, chequers_big_river,
          nicolae_crypt_knee_deep_in_the_dead
Crypt:3:  david_glass_crypt, layout_chaotic_city, tomb_entry_shell_bobbens,
          nicolae_crypt_grave_offerings
Depths:1: layout_roguey, minmay_holes, rand_demon_pan_entry_8,
          hangedman_coc_ice_floe, due_unseen_surprise, minmay_shop_star
Depths:2: little_maze_vault, layout_long_grid, enter_ziggurat_b, serial_shops,
          shop, hangedman_geh_valley, rand_demon_pan_entry_7, xom_teletrap_fun,
          infiniplex_staircase_spiral_double
Depths:3: minmay_central_circle, layout_cave_pools,
          nicolae_kikubaaqudgha_miasma_corner,
          nicolae_abyss_entry_one_way_or_another, hell_entry,
          chequers_serial_rivers_small_3, nicolae_elevator_lobby_plus
Depths:4: evilmike_zot_entry_argh, layout_gridlike, serial_rivers,
          chequers_serial_rivers_micro_a, chequers_serial_rivers_micro_e,
          chequers_serial_rivers_small_b, chequers_serial_rivers_small_b,
          enter_trove_2, serial_shops, bzr_in_the_mist, grunt_mini_vestibule,
          uniq_josephina
Hell
Tar:1:    layout_cathedral_of_symmetry
Tar:2:    layout_catacombs, nicolae_tar_liches_on_tour
Zot:1:    gammafunk_the_bubble [the_bubble_gammafunk_plus_minus],
          layout_twisted_circle, lemuel_baited_zot_trap, st_stairs_5
Zot:2:    layout_onion
Zot:3:    layout_misc_corridors
Zot:4:    gammafunk_dig_for_victory, layout_cathedral_of_symmetry,
          amethyst_zot_foddershock
Zot:5:    layout_gridlike

Skill      XL: |  1  2  3  4  5  6  7  8  9 10 11 12 13 14 15 16 17 18 19 20 21 22 23 24 25 26 27 |
---------------+----------------------------------------------------------------------------------+-----
Armour         | 4 5 6 7 9 10 11 12 13 14 15 16 17 19 21 22 24 25 27 | 27.0
Axes           | 3 4 5 7 8 10 13 15 17 19 21 22 23 24 25 26 27 | 27.0
Shields        | 4 5 6 7 11 14 17 19 22 25 27 | 27.0
Fighting       | 4 5 6 8 9 11 12 14 17 18 20 21 22 23 24 26 27 | 27.0
Dodging        | 1 2 3 4 5 6 7 8 9 10 11 13 17 19 21 | 21.2
Evocations     | 1 3 4 5 10 13 14 | 14.5
Maces & Flails | 11 15 | 15.7
Throwing       | |  0.7

Action                     |  1- 3 |  4- 6 |  7- 9 | 10-12 | 13-15 | 16-18 | 19-21 | 22-24 | 25-27 || total
---------------------------+-------+-------+-------+-------+-------+-------+-------+-------+-------++-------
  Melee: War axe           |    95 |    57 |    81 |       |     3 |     3 |       |       |   432 ||   671
         Headbutt          |    11 |    10 |    34 |    55 |   127 |   267 |   393 |   467 |   518 ||  1882
         Battleaxe         |       |       |   147 |   256 |   592 |   423 |       |       |       ||  1418
         Broad axe         |       |       |       |       |       |   503 |  1241 |  1371 |   996 ||  4111
         Flail             |       |       |       |       |       |       |       |       |   274 ||   274
   Fire: Longbow           |       |       |       |       |       |     1 |       |       |       ||     1
  Throw: Throwing net      |       |       |       |     4 |       |       |       |       |       ||     4
 Invoke: Potion Petition   |       |       |       |     1 |       |       |     1 |       |     5 ||     7
         Call Merchant     |       |       |       |       |     2 |     1 |     5 |     2 |     1 ||    11
  Evoke: Wand              |       |       |     1 |     3 |     5 |    46 |    31 |    38 |    18 ||   142
         Box of beasts     |       |       |       |       |       |     1 |     2 |     1 |     1 ||     5
         Tin of tremorston |       |       |       |       |       |     2 |     2 |       |       ||     4
         Lightning rod     |       |       |       |       |       |       |       |     4 |       ||     4
         Phial of floods   |       |       |       |       |       |       |       |     1 |     1 ||     2
    Use: Potion            |       |     3 |     1 |     6 |     4 |     8 |     6 |    18 |    27 ||    73
         Scroll            |       |       |     4 |    14 |     5 |    11 |     4 |    23 |    27 ||    88
   Stab: Sleeping          |       |       |     1 |       |       |     1 |       |     1 |     3 ||     6
         Held in net/web   |       |       |       |     1 |       |       |       |       |       ||     1
         Distracted        |       |       |       |     1 |     7 |    14 |    16 |    17 |    20 ||    75
         Petrified         |       |       |       |       |       |     4 |     1 |       |       ||     5
         Petrifying        |       |       |       |       |       |     2 |       |       |       ||     2
         Invisible         |       |       |       |       |       |    14 |       |     1 |    14 ||    29
 Armour: Scale mail        |    62 |     7 |       |       |       |    98 |       |       |       ||   167
         Ring mail         |       |    51 |   115 |    43 |    50 |     2 |       |       |       ||   261
         Chain mail        |       |       |       |   211 |   357 |   665 |   843 |   681 |   312 ||  3069
         Skin              |       |       |       |    22 |       |       |       |       |       ||    22
         Shadow dragon sca |       |       |       |       |       |       |       |       |   595 ||   595
  Dodge: Dodged            |    41 |    50 |   154 |   297 |   296 |   361 |   364 |   278 |   423 ||  2264
  Block: Buckler           |    29 |     7 |       |       |       |   323 |   696 |   593 |       ||  1648
         Kite shield       |       |    18 |    47 |       |       |       |       |   111 |  1987 ||  2163
         Other             |       |       |       |       |       |    33 |       |       |       ||    33
         Reflection        |       |       |       |       |       |     1 |    68 |    53 |    40 ||   162
